 Dungeon Crawl Stone Soup version 0.30.0-29-ga12c61a403 (webtiles) character file.

Game seed: 11766067107856461177

13787 croobank the Summoner (level 12, -1/91 HPs)
             Began as a Gnoll Summoner on June 19, 2023.
             Was an Initiate of Gozag.
             Slain by a troll (3 damage)
             ... on level 10 of the Dungeon.
             The game lasted 00:52:47 (12070 turns).

croobank the Summoner (Gnoll Summoner)             Turns: 12070, Time: 00:52:48

Health: -1/91      AC: 12    Str: 13    XL:     12   Next: 9%
Magic:  33/33      EV: 16    Int: 19    God:    Gozag
Gold:   1757       SH:  0    Dex: 14    Spells: 9/28 levels left

rFire   . . .        a - +2 trident (venom)
rCold   . . .        (no shield)
rNeg    . . .        j - +1 steam dragon scales
rPois   .            (no helmet)
rElec   .            (no cloak)
rCorr   .            o - +0 pair of gloves
SInv    .            e - +2 pair of boots {rampage}
Will    .....        J - amulet of regeneration
Stlth   ++++         G - +6 ring of strength
HPRegen 1.15/turn    A - ring of magical power
MPRegen 0.23/turn

%: rampage
@: spiked, studying Armour
A: fangs 1, strong nose, distributed training
a: Renounce Religion, Potion Petition, Call Merchant, Bribe Branch


You were on level 10 of the Dungeon.
You worshipped Gozag.
Gozag was most pleased with you.
You visited 2 branches of the dungeon, and saw 11 of its levels.

You collected 2165 gold pieces.
You paid 408 gold pieces to Gozag.

Inventory:

Hand Weapons
 a - a +2 trident of venom (weapon)
 b - a +0 sling
 h - a +2 war axe of flaming
 k - a +0 scimitar of flaming
 r - a +1 dagger of flaming
 v - a +3 dagger of freezing
 D - a +0 lajatang
 H - a +0 morningstar
 K - a +4 short sword of venom
 P - a +2 flail of holy wrath
 S - a +5 short sword of speed
 V - the +3 morningstar "Eshrous" {freeze, rElec rC+ Str+7 Int-5}
   (You found it on level 9 of the Dungeon)

   Str:       It affects your strength (+7).
   Int:       It affects your intelligence (-5).
   rC:        It protects you from cold.
   rElec:     It insulates you from electricity.
 W - a +3 halberd of freezing
Missiles
 s - 39 poisoned darts (quivered)
 u - 4 atropa-tipped darts
Armour
 e - a +2 pair of boots of rampaging (worn)
 j - +1 steam dragon scales (worn)
 o - a +0 pair of gloves (worn)
 x - a +0 ring mail
 U - the +1 leather armour of Patterns {rElec rF++ Int-4}
   (You found it on level 9 of the Dungeon)

   Int:       It affects your intelligence (-4).
   rF:        It greatly protects you from fire.
   rElec:     It insulates you from electricity.
Magical Staves
 y - a staff of fire
 B - a staff of poison
Jewellery
 l - a ring of ice
 A - a ring of magical power (right hand)
 G - a +6 ring of strength (left hand)
 J - an amulet of regeneration (around neck)
 R - the ring of the Mage {Wiz Archmagi}
   (You took it off a wizard on level 9 of the Dungeon)

   [ring of wizardry]

   It improves your spell success rate.
   Archmagi:  It increases the power of your magical spells.
 T - the ring of Iluomil {rF+ rN+ rCorr Int-5}
   (You found it on level 5 of the Dungeon)

   [ring of protection from fire]

   Int:       It affects your intelligence (-5).
   rF:        It protects you from fire.
   rN:        It protects you from negative energy.
   rCorr:     It protects you from acid and corrosion.
Wands
 t - a wand of acid (21)
 I - a wand of polymorph (7)
 L - a wand of mindburst (20)
 X - a wand of charming (3)
Scrolls
 d - 2 scrolls of magic mapping
 g - 2 scrolls of amnesia
 n - 3 scrolls of fear
 p - a scroll of teleportation
 q - a scroll of noise
 Z - a scroll of enchant weapon
Potions
 c - 2 potions of resistance
 f - 2 potions of mutation
 i - a potion of invisibility
 w - a potion of brilliance
 z - a potion of lignification
 C - a potion of haste
 E - 4 potions of flight
 F - a potion of might
 M - a potion of attraction
 N - a potion of cancellation
 Q - a potion of magic


   Skills:
 + Level 7.2 Fighting
 + Level 7.2 Short Blades
 + Level 7.2 Long Blades
 + Level 7.2 Axes
 + Level 7.2 Maces & Flails
 + Level 7.2 Polearms
 + Level 7.2 Staves
 + Level 7.2 Ranged Weapons
 + Level 7.2 Throwing
 + Level 7.6 Armour
 + Level 8.6 Dodging
 + Level 8.4 Stealth
 + Level 7.2 Shields
 + Level 7.2 Unarmed Combat
 + Level 8.9 Spellcasting
 + Level 6.0 Conjurations
 + Level 6.0 Hexes
 + Level 9.4 Summonings
 + Level 6.0 Necromancy
 + Level 6.0 Translocations
 + Level 6.0 Transmutations
 + Level 6.0 Fire Magic
 + Level 6.0 Ice Magic
 + Level 6.0 Air Magic
 + Level 6.0 Earth Magic
 + Level 6.0 Poison Magic
 + Level 7.9 Invocations
 + Level 7.2 Evocations


You had 9 spell levels left.
You knew the following spells:

 Your Spells              Type           Power      Damage    Failure   Level
a - Summon Small Mammal   Summ           100%       N/A       1%          1
b - Call Imp              Summ           88%        N/A       1%          2
c - Call Canine Familiar  Summ           44%        N/A       1%          3
d - Summon Guardian Gole  Hex/Summ       37%        N/A       1%          3
e - Summon Lightning Spi  Summ/Air       37%        N/A       3%          4
f - Summon Mana Viper     Hex/Summ       37%        N/A       10%         5
g - Apportation           Tloc           62%        N/A       1%          1

Your spell library contained the following spells:

 Spells                   Type           Power      Damage    Failure   Level
 Beastly Appendage        Tmut           62%        N/A       1%          1
 Magic Dart               Conj           100%       1d8       1%          1
 Scorch                   Fire           62%        2d8       1%          2
 Wereblood                Tmut           31%        N/A       1%          2
 Mephitic Cloud           Conj/Pois/Air  31%        N/A       2%          3
 Spider Form              Tmut/Pois      31%        N/A       2%          3
 Flame Wave               Conj/Fire      31%        2d9       7%          4
 Alistair's Intoxication  Tmut/Pois      20%        N/A       21%         5
 Summon Cactus Giant      Summ           22%        N/A       26%         6


Dungeon Overview and Level Annotations

Branches:
Dungeon (10/15)            Temple (1/1) D:5             Orc (0/2) D:9
   Lair: D:8-11

Altars:
Ashenzari
Cheibriados
Dithmenos
Elyvilon
Fedhas
Gozag
Hepliaklqana
Kikubaaqudgha
Makhleb
Nemelex Xobeh
Okawaru
Qazlal
Ru
Sif Muna
Trog
Uskayaw
Vehumet
Wu Jian
Xom
Yredelemnul
Zin
The Shining One

Shops:
D:6 [   D:9 [

Annotations:
D:10 Maurice


Innate Abilities, Weirdness & Mutations

You have very sharp teeth.
Your uncanny sense of smell can sniff out nearby items.
Your experience applies equally to all skills.


Message History

Something draws strength from your injuries!
Maurice hits you but does no damage. Something hits you but does no damage.
Something bites you.
* * * LOW HITPOINT WARNING * * *
Something draws strength from your injuries!
The troll bites you but does no damage. The troll claws you!
* * * LOW HITPOINT WARNING * * *
The troll claws you but does no damage.
The kobold brigand hits you but does no damage.
You swing at nothing.
Maurice zaps a wand.
You easily resist.
Something hits you but does no damage. Something bites you.
* * * LOW HITPOINT WARNING * * *
Something draws strength from your injuries!
The kobold brigand hits you but does no damage.
The troll bites you!
* * * LOW HITPOINT WARNING * * *
The troll completely misses you. The troll claws you but does no damage.
Maurice hits you but does no damage.
Okay, then.
It was a potion of cancellation.
Your magical effects are unravelling.
You feel magically purged.
You feel less wooden.
Your +0 pair of gloves unmelds from your body.
Your +2 pair of boots of rampaging unmelds from your body.
Your +1 steam dragon scales unmelds from your body.
You feel ready to rampage towards enemies.
You feel less invigorated.
You feel yourself speed up.
You feel less confused. The troll barely misses you.
The troll claws you but does no damage. x2
The kobold brigand misses you. Something hits you but does no damage.
Something bites you.
* * * LOW HITPOINT WARNING * * *
Something draws strength from your injuries!
Maurice zaps a wand.
You easily resist.
The troll bites you but does no damage. The troll claws you!
* * * LOW HITPOINT WARNING * * *
The troll claws you.
You die...
Your body crumbles into a pile of gold.

............ ...........
. #.... ........... ..
#..... .......... ..
...... #......... ..
...$.. #......... ..
.........###{........
...............K@.......
...............@T.......
#............$..........
#.............$.........
#.............$.........
................$.......
........................
............###.........
............# .......


You could see Maurice (swift, magic disrupted), a troll and a kobold brigand.

Vanquished Creatures
  2 trolls (D:10)
  2 hornets (D:9)
  A slime creature (D:9)
  A steam dragon (D:9)
  Eustachio (D:6)
  3 yaks (D:9)
  A water moccasin (D:7)
  A black bear (D:4)
  3 ogres (D:10)
  A centaur (D:8)
  3 phantoms
  2 bullfrogs (D:7)
  A scorpion (D:4)
  A killer bee (D:10)
  A howler monkey (D:7)
  An orc priest (D:9)
  2 hounds
  2 orc wizards (D:7)
  An iguana (D:5)
  2 gnolls
  3 adders
  2 white imps
  3 ufetubi
  A dart slug (D:1)
  11 orcs
  A ball python (D:2)
  An endoplasm (D:4)
  A giant cockroach (D:4)
  5 goblins
  4 hobgoblins
  2 jackals
  A kobold (D:8)
  A quokka (D:3)
  4 bats
  A frilled lizard (D:2)
  4 rats
77 creatures vanquished.

Vanquished Creatures (collateral kills)
  Erica (D:8)
  A wizard (D:9)
  2 ugly things (D:9)
  3 kobold demonologists
  Sigmund (D:3)
  A wraith (D:9)
  6 yaks
  A steam dragon (D:9)
  A basilisk (D:9)
  Menkaure (D:7)
  An acid dragon (D:9)
  A water moccasin (D:8)
  2 black bears
  10 orc warriors
  2 ice beasts (D:6)
  3 ogres
  A centaur (D:8)
  4 kobold brigands
  A scorpion (D:4)
  A wight (D:9)
  11 killer bees
  5 howler monkeys
  A jelly (D:6)
  A quasit (D:6)
  4 hounds
  6 orc priests
  A gnoll bouda (D:6)
  A sleepcap (D:5)
  Jessica (D:3)
  2 iguanas
  7 orc wizards
  Robin (D:2)
  21 gnolls
  7 adders
  A shadow imp (D:6)
  A white imp (D:6)
  An ufetubus (D:6)
  2 worms
  29 orcs
  11 ball pythons
  3 bats
  4 endoplasms
  3 giant cockroaches
  6 hobgoblins
  4 jackals
  5 quokkas
  A frilled lizard (D:2)
  10 goblins
  12 kobolds
  2 rats
208 creatures vanquished.

Vanquished Creatures (others)
  Lodul (D:10)
  Maggie (D:6)
  5 yaks
  An orc warrior (D:9)
  3 ogres (D:10)
  3 kobold brigands
  A gnoll sergeant (D:10)
  11 killer bees (D:9)
  An orc wizard (D:8)
  2 gnolls (D:10)
  2 orcs
  3 kobolds
34 creatures vanquished.

Grand Total: 319 creatures vanquished

Notes
Turn   | Place    | Note
-------+----------+-------------------------------------------
     0 | D:1      | croobank the Gnoll Summoner began the quest for the Orb.
     0 | D:1      | Reached XP level 1. HP: 13/13 MP: 6/6
   242 | D:1      | Reached XP level 2. HP: 12/19 MP: 4/7
   276 | D:1      | Learned a level 2 spell: Call Imp
   629 | D:1      | Reached skill level 5 in Spellcasting
   629 | D:1      | Reached XP level 3. HP: 25/25 MP: 7/9
  1041 | D:1      | Reached skill level 1 in Invocations
  1258 | D:2      | Reached skill level 1 in Fighting
  1258 | D:2      | Reached skill level 1 in Short Blades
  1258 | D:2      | Reached skill level 1 in Long Blades
  1258 | D:2      | Reached skill level 1 in Axes
  1258 | D:2      | Reached skill level 1 in Maces & Flails
  1258 | D:2      | Reached skill level 1 in Polearms
  1258 | D:2      | Reached skill level 1 in Staves
  1258 | D:2      | Reached skill level 1 in Ranged Weapons
  1258 | D:2      | Reached skill level 1 in Throwing
  1258 | D:2      | Reached skill level 1 in Armour
  1258 | D:2      | Reached skill level 1 in Shields
  1258 | D:2      | Reached skill level 1 in Unarmed Combat
  1258 | D:2      | Reached skill level 1 in Evocations
  1265 | D:2      | Learned a level 3 spell: Call Canine Familiar
  1326 | D:2      | Reached XP level 4. HP: 32/32 MP: 6/11
  1340 | D:2      | Reached skill level 1 in Conjurations
  1340 | D:2      | Reached skill level 1 in Hexes
  1340 | D:2      | Reached skill level 1 in Necromancy
  1340 | D:2      | Reached skill level 1 in Translocations
  1340 | D:2      | Reached skill level 1 in Transmutations
  1340 | D:2      | Reached skill level 1 in Fire Magic
  1340 | D:2      | Reached skill level 1 in Ice Magic
  1340 | D:2      | Reached skill level 1 in Air Magic
  1340 | D:2      | Reached skill level 1 in Earth Magic
  1340 | D:2      | Reached skill level 1 in Poison Magic
  1507 | D:2      | Noticed Robin
  1570 | D:2      | Killed Robin
  1660 | D:2      | Reached XP level 5. HP: 31/37 MP: 5/12
  2031 | D:3      | Noticed Jessica
  2037 | D:3      | Killed Jessica
  2292 | D:3      | Noticed Sigmund
  2303 | D:3      | Killed Sigmund
  2304 | D:3      | Reached skill level 5 in Dodging
  2304 | D:3      | Reached XP level 6. HP: 24/44 MP: 7/14
  2401 | D:3      | Learned a level 3 spell: Summon Guardian Golem
  2558 | D:4      | Reached XP level 7. HP: 24/51 MP: 4/15
  3043 | D:4      | Learned a level 4 spell: Summon Lightning Spire
  3262 | D:4      | Reached skill level 5 in Stealth
  3722 | D:5      | Entered Level 5 of the Dungeon
  4080 | D:5      | Found an ornate altar of the Wu Jian Council.
  4081 | D:5      | Found a broken altar of Ashenzari.
  4114 | D:5      | Reached XP level 8. HP: 58/58 MP: 10/16
  4275 | D:5      | Identified the +4 dagger of Callousness {chaos, rPois rN+
                  | Str+2}
  4322 | D:5      | Found a staircase to the Ecumenical Temple.
  4341 | D:5      | Got the Book of Adjuration
  4356 | Temple   | Entered the Ecumenical Temple
  4450 | Temple   | Became a worshipper of Gozag Ym Sagoz the Greedy
  4542 | D:5      | Identified the ring of Iluomil {rF+ rN+ rCorr Int-5}
  4587 | D:5      | Learned a level 1 spell: Apportation
  4643 | D:5      | Found a shimmering blue altar of Sif Muna.
  5361 | D:5      | Identified a scroll of acquirement
  5361 | D:5      | Acquired a +1 pair of boots of rampaging
  5515 | D:6      | Noticed Maggie
  5521 | D:6      | Killed Maggie
  5575 | D:6      | Reached XP level 9. HP: 47/65 MP: 18/18
  5738 | D:6      | Reached skill level 8 in Summonings
  5944 | D:6      | Noticed Eustachio
  5965 | D:6      | Killed Eustachio
  6110 | D:6      | Found Isuuqeag's Armour Emporium.
  6465 | D:6      | Learned a level 5 spell: Summon Mana Viper
  6604 | D:7      | Reached skill level 5 in Invocations
  6810 | D:7      | Noticed Menkaure
  7193 | D:7      | Killed Menkaure
  7711 | D:7      | Noticed a kobold demonologist
  7718 | D:7      | Killed a kobold demonologist
  7719 | D:7      | Reached skill level 5 in Fighting
  7719 | D:7      | Reached skill level 5 in Short Blades
  7719 | D:7      | Reached skill level 5 in Long Blades
  7719 | D:7      | Reached skill level 5 in Axes
  7719 | D:7      | Reached skill level 5 in Maces & Flails
  7719 | D:7      | Reached skill level 5 in Polearms
  7719 | D:7      | Reached skill level 5 in Staves
  7719 | D:7      | Reached skill level 5 in Ranged Weapons
  7719 | D:7      | Reached skill level 5 in Throwing
  7719 | D:7      | Reached skill level 5 in Armour
  7719 | D:7      | Reached skill level 5 in Shields
  7719 | D:7      | Reached skill level 5 in Unarmed Combat
  7719 | D:7      | Reached skill level 5 in Evocations
  7719 | D:7      | Reached XP level 10. HP: 74/74 MP: 8/20
  8216 | D:7      | Found an ancient bone altar of Kikubaaqudgha.
  8216 | D:7      | Found a white marble altar of Elyvilon.
  8528 | D:8      | Noticed Erica
  8570 | D:8      | Killed Erica
 10037 | D:9      | Reached skill level 5 in Conjurations
 10037 | D:9      | Reached skill level 5 in Hexes
 10037 | D:9      | Reached skill level 5 in Necromancy
 10037 | D:9      | Reached skill level 5 in Translocations
 10037 | D:9      | Reached skill level 5 in Transmutations
 10037 | D:9      | Reached skill level 5 in Fire Magic
 10037 | D:9      | Reached skill level 5 in Ice Magic
 10037 | D:9      | Reached skill level 5 in Air Magic
 10037 | D:9      | Reached skill level 5 in Earth Magic
 10037 | D:9      | Reached skill level 5 in Poison Magic
 10054 | D:9      | Reached XP level 11. HP: 76/81 MP: 12/22
 10057 | D:9      | Found a staircase to the Orcish Mines.
 10392 | D:9      | Found Ysymeik's Armour Boutique.
 10772 | D:9      | Reached skill level 9 in Summonings
 10992 | D:9      | Noticed a red ugly thing
 11019 | D:9      | Noticed a purple ugly thing
 11023 | D:9      | Noticed a wizard
 11023 | D:9      | Killed a red ugly thing
 11027 | D:9      | Killed a wizard
 11030 | D:9      | Killed a purple ugly thing
 11273 | D:9      | Identified the +1 leather armour of Patterns {rElec rF++
                  | Int-4}
 11274 | D:9      | Identified the +3 morningstar "Eshrous" {freeze, rElec rC+
                  | Str+7 Int-5}
 11344 | D:9      | Found a hazy altar of Hepliaklqana.
 11344 | D:9      | Found a sacrificial altar of Ru.
 11539 | D:10     | Entered Level 10 of the Dungeon
 11922 | D:10     | Noticed Lodul
 11930 | D:10     | Killed Lodul
 11931 | D:10     | Reached XP level 12. HP: 91/91 MP: 24/24
 12053 | D:10     | Noticed Maurice
 12070 | D:10     | HP: 2/91 [troll (10)]
 12070 | D:10     | Slain by a troll

Illustrated notes

Levels and vault maps discovered:
D:1:      dpeg_arrival_rooms_with_view, layout_loops_ring,
          minmay_misc_feat_cross
D:2:      layout_basic, uniq_robin
D:3:      layout_rooms, chequers_serial_rivers_small_a,
          kennysheep_decorative_pillar, minmay_goblin_kobold_house,
          uniq_jessica, uniq_sigmund
D:4:      layout_basic
D:5:      layout_cave_pods, tgw_sif, jmf_multi_god_temple, temple_pool_b,
          serial_glass, glass_columns_a, glass_columns_b
D:6:      layout_rooms, serial_demonic, serial_demonic_d, serial_demonic_a,
          serial_demonic_g, serial_demonic_b, serial_demonic_b, serial_shops,
          shop, reono_crystal_passage, uniq_eustachio, uniq_maggie
D:7:      layout_cave_pods, gammafunk_temple_overflow_elements,
          serial_co_window_serial, co_window_corner_a,
          co_window_of_opportunity_a, co_window_corner_a, co_window_paths_b,
          co_window_of_opportunity_a, co_window_cross_1, co_window_paths_b,
          co_window_2corner, co_window_corner_b, co_window_unsneaky_path_d,
          co_window_of_opportunity_c, co_window_paths_d, uniq_menkaure
D:8:      layout_cave_pools, uniq_erica
D:9:      minmay_the_grid_octo_triangle [minmay_the_grid_octo_vomiting_pacman,
          minmay_the_grid_octo_prize_ultimate_mussel_roller,
          minmay_the_grid_octo_checkered], layout_gridville, david_orc_5,
          serial_shops, shop
D:10:     layout_big_octagon, uniq_lodul, uniq_maurice
Temple:   minmay_temple_bridge_d

Skill      XL: |  1  2  3  4  5  6  7  8  9 10 11 12 |
---------------+-------------------------------------+-----
Spellcasting   | 5 6 7 8 |  8.9
Invocations    | 1 2 3 4 5 6 7 |  7.9
Fighting       | 1 2 3 5 6 7 |  7.2
Short Blades   | 1 2 3 5 6 7 |  7.2
Long Blades    | 1 2 3 5 6 7 |  7.2
Axes           | 1 2 3 5 6 7 |  7.2
Maces & Flails | 1 2 3 5 6 7 |  7.2
Polearms       | 1 2 3 5 6 7 |  7.2
Staves         | 1 2 3 5 6 7 |  7.2
Ranged Weapons | 1 2 3 5 6 7 |  7.2
Throwing       | 1 2 3 5 6 7 |  7.2
Armour         | 1 2 3 5 6 7 |  7.6
Shields        | 1 2 3 5 6 7 |  7.2
Unarmed Combat | 1 2 3 5 6 7 |  7.2
Evocations     | 1 2 3 5 6 7 |  7.2
Conjurations   | 1 2 3 4 5 6 |  6.0
Hexes          | 1 2 3 4 5 6 |  6.0
Necromancy     | 1 2 3 4 5 6 |  6.0
Translocations | 1 2 3 4 5 6 |  6.0
Transmutations | 1 2 3 4 5 6 |  6.0
Fire Magic     | 1 2 3 4 5 6 |  6.0
Ice Magic      | 1 2 3 4 5 6 |  6.0
Air Magic      | 1 2 3 4 5 6 |  6.0
Earth Magic    | 1 2 3 4 5 6 |  6.0
Poison Magic   | 1 2 3 4 5 6 |  6.0
Dodging        | 5 6 7 8 |  8.6
Stealth        | 5 6 7 8 |  8.4
Summonings     | 8 9 |  9.4

Action                     |  1- 3 |  4- 6 |  7- 9 | 10-12 || total
---------------------------+-------+-------+-------+-------++-------
  Melee: Trident           |    45 |    51 |   151 |   187 ||   434
         Unarmed           |     3 |       |       |       ||     3
         Bite              |       |     5 |    10 |    23 ||    38
         Punch             |       |       |     6 |     8 ||    14
  Throw: Throwing net      |       |       |     2 |     1 ||     3
   Cast: Summon Small Mamm |    32 |    20 |    48 |    19 ||   119
         Call Imp          |     6 |    10 |    27 |    14 ||    57
         Call Canine Famil |     1 |     7 |    32 |    28 ||    68
         Summon Guardian G |       |     1 |     9 |    16 ||    26
         Summon Lightning  |       |       |    20 |    43 ||    63
         Apportation       |       |       |     4 |       ||     4
         Summon Mana Viper |       |       |     2 |     5 ||     7
 Invoke: Potion Petition   |       |       |       |     1 ||     1
    Use: Scroll            |       |       |    17 |    14 ||    31
         Potion            |       |       |     4 |     9 ||    13
   Stab: Sleeping          |     9 |     4 |     4 |     1 ||    18
         Distracted        |       |     1 |     1 |     3 ||     5
         Fleeing           |       |       |       |     1 ||     1
 Armour: Robe              |     8 |    10 |    14 |       ||    32
         Steam dragon scal |       |       |    28 |   111 ||   139
         Skin              |       |       |       |    20 ||    20
  Dodge: Dodged            |    24 |    37 |   111 |   200 ||   372
